Unix NetHack Version 5.0.0-0 post-release - last build May  4 2026 22:22:43 (774f63e81ad911689b3a0859ea89b322d5daca8d,branch:main).

Game began 2026-05-04 12:59:39, ended 2026-05-05 14:50:01.

Enigmic, lawful male human Samurai

                          --------------------------
                          |.^%^^^^^........^......>|
                          |.----------------.......|
                          |.|         ------.-------
                          |.|         |...........|
                          |.|         |.`.....`.`.|
                          |.|         |----p--------
                          |.|         |.....*`.%...|
                          |.|         |...S.eOS@..%|
                          |.|------   --------g-----
                          |.|.....|--  |......@n..|
                          |.|.....+.|  |.....e....|
                          |.|.....|-|  --`...`..`.|
                          |.+.....+.|   ----.-------
                          --|.....|-|     |....`.`.|
                            |.....+.|     |........|
                            |.....|--     ------...|
                            -------            -----
Enigmic the Joshu      St:18/02 Dx:16 Co:18 In:11 Wi:9 Ch:7  Lawful
Dlvl:6  $:2231 HP:0(104) Pw:43(43) AC:0  Xp:10 T:10541  Burdened

Latest messages:
 You hear a barrow wight reading a scroll of create monster.
 A water nymph suddenly appears close by!
 You hear a winged gargoyle reading a scroll of teleportation.
 You destroy the barrow wight!
 You hit the rothe.
 You kill the rothe!
 You hit the rothe.
 You kill the rothe!
 You miss the rothe.
 You miss the rothe.
 The rothe hits!
 The rothe bites!
 The rothe bites again!
 You miss the rothe.
 You hit the rothe.
 The rothe misses!
 The rothe misses!
 The rothe misses!
 You miss the rothe.
 You hit the rothe.
 The rothe hits!
 The rothe misses!
 The rothe misses!
 You kill the rothe!
 You miss the winged gargoyle.
 You miss the winged gargoyle.
 The winged gargoyle hits!
 The winged gargoyle hits again!
 The winged gargoyle bites!
 The garter snake misses!
 The winged gargoyle hits!
 The winged gargoyle hits again!
 The winged gargoyle misses!
 You miss the winged gargoyle.
 You hit the winged gargoyle.
 The winged gargoyle hits!
 The winged gargoyle hits again!
 The winged gargoyle bites!
 The garter snake bites!
 What do you want to drink? [msvBCMOVZ or ?*] m
 You feel better.
 You can see again.
 The winged gargoyle hits!
 The winged gargoyle hits again!
 You die...
 Do you want your possessions identified? [ynq] (y) y
 Do you want to see your attributes? [ynq] (y) y
 Do you want an account of creatures vanquished? [ynaq] (y) y
 Do you want to see your conduct and achievements? [ynq] (y) y
 Do you want to see the dungeon overview? [ynq] (y) y

Inventory:
 Coins    ('$')
  $ - 2231 gold pieces
 Amulets  ('"')
  l - an uncursed amulet of ESP (being worn)
  K - an uncursed amulet of guarding
  I - an uncursed amulet of magical breathing
 Weapons  (')')
  d - 42 +0 ya (in quiver)
  c - a +0 yumi
  b - a +0 katana (wielded in left hand)
  a - the rustproof +0 Snickersnee (wielded in right hand)
 Armor    ('[')
  u - an uncursed +1 dented pot (being worn)
  R - an uncursed +0 pair of iron shoes (being worn)
  h - a cursed -1 pair of levitation boots
  J - an uncursed thoroughly burnt +0 elven cloak (being worn)
  e - an uncursed rustproof +0 splint mail (being worn)
 Comestibles  ('%')
  Y - an uncursed gunyoki
  p - 2 uncursed lembas wafers
  Q - 2 uncursed lizard corpses
 Scrolls  ('?')
  W - 2 uncursed scrolls of blank paper
  n - an uncursed scroll of confuse monster
  D - an uncursed scroll of create monster
  q - 2 uncursed scrolls of earth
  S - a cursed scroll of food detection
  G - an uncursed scroll of gold detection
  g - 3 uncursed scrolls of light
  L - a cursed scroll of magic mapping
  z - an uncursed scroll of remove curse
  N - an uncursed scroll of scare monster
  E - 3 uncursed scrolls of teleportation
 Spellbooks  ('+')
  x - an uncursed spellbook of healing
 Potions  ('!')
  B - an uncursed potion of acid
  C - an uncursed potion of confusion
  M - an uncursed potion of extra healing
  O - an uncursed potion of paralysis
  s - an uncursed potion of restore ability
  Z - an uncursed potion of see invisible
  v - 3 uncursed potions of speed
  V - a potion of holy water
 Rings    ('=')
  U - an uncursed ring of cold resistance
  w - an uncursed +3 ring of gain constitution
  k - a cursed ring of hunger
  j - an uncursed +1 ring of protection
  r - an uncursed ring of shock resistance
  y - an uncursed ring of shock resistance
 Wands    ('/')
  P - a wand of cancellation (0:6)
  X - a wand of digging (0:4)
  o - a wand of fire (0:7)
  T - a wand of secret door detection (0:10)
  H - a wand of striking (0:1)
 Tools    ('(')
  f - an uncursed blindfold
  A - a magic marker (0:85)
  F - an uncursed osaku
  i - an uncursed skeleton key
  t - an uncursed towel

Enigmic the Samurai's attributes:

Background:
 You were a Joshu, a level 10 male human Samurai.
 You were lawful, on a mission for Amaterasu Omikami
 who was opposed by Raijin (neutral) and Susanowo (chaotic).
 You were right-handed.
 You were in Sokoban, on level 6.
 You entered the dungeon 10541 turns ago.
 You had 6797 experience points, 3203 more were needed to attain level 11.

Basics:
 You had 0 out of 104 hit points.
 You had all 43 energy points (spell power).
 Your armor class was 0.
 Your wallet contained 2231 zorkmids.
 Autopickup was off.

Final Characteristics:
 Your strength was 18/02 (limit:18/100).
 Your dexterity was 16 (limit:18).
 Your constitution was 18 (limit:18).
 Your intelligence was 11 (limit:18).
 Your wisdom was 9 (limit:18).
 Your charisma was 7 (limit:18).

Final Status:
 You weren't hungry.
 You were burdened; movement was slightly slowed.
 You were wielding two weapons at once.
 Your skill in long sword was limited by being skilled with two weapons.

Final Attributes:
 You were piously aligned.
 You were cold resistant.
 You were poison resistant.
 You were telepathic.
 You were stealthy.
 You were warded.
 You were fast.
 You are dead.

Miscellaneous:
 You didn't encounter any bones levels.
 Total elapsed playing time was 1 hour, 20 minutes and 43 seconds.

Major events:
 Turn
    1: Enigmic the lawful male human Samurai entered the dungeon
  675: attained the rank of Ronin (level 3)
 1244: entered the Gnomish Mines
 1450: reached Mine Town
 1574: was bestowed with Snickersnee by Amaterasu Omikami
 1667: attained the rank of Ninja (level 6)
 8456: attained the rank of Joshu (level 10)
 8797: entered Sokoban
 9393: completed 2nd Sokoban level
 9766: completed 3rd Sokoban level
10541: killed by a winged gargoyle

You didn't know any spells.

Skills:
 Fighting Skills
   martial arts      [Basic]
   two weapon combat [Skilled]
   riding            [Unskilled]
 Weapon Skills
   dagger            [Unskilled]
   knife             [Unskilled]
   short sword       [Basic]
   broadsword        [Unskilled]
   long sword        [Expert]
   two-handed sword  [Unskilled]
   saber             [Unskilled]
   flail             [Unskilled]
   quarterstaff      [Unskilled]
   polearms          [Unskilled]
   spear             [Unskilled]
   lance             [Unskilled]
   bow               [Basic]
   shuriken          [Unskilled]
 Spellcasting Skills
   attack spells     [Unskilled]
   divination spells [Unskilled]
   clerical spells   [Unskilled]

Voluntary challenges:
 Character rerolling was not enabled.
 You never genocided any monsters.
 You never polymorphed an object.
 You never changed form.
 You used no wishes.
 You violated the special Sokoban rules once.
Achievements:
 You entered a shop.
 You attained the rank of Ronin.
 You entered the Gnomish Mines.
 You entered Minetown.
 You entered a temple.
 You attained the rank of Ninja.
 You attained the rank of Joshu.
 You entered Sokoban.

 The Dungeons of Doom: levels 1 to 13
    Level 1:
       A fountain, a sink.
    Level 2:
       A general store, a fountain.
    Level 3:
       A grave.
    Level 4:
       A fountain.
       Stairs down to The Gnomish Mines.
    Level 5:
       A fountain.
    Level 6:
       A scroll shop, a grave.
    Level 7:
       A fountain.
    Level 8:
       A fountain, a sink.
    Level 9:
    Level 10:
       A fountain.
       Stairs up to Sokoban, level 9.
    Level 11:
    Level 12:
       A throne.
    Level 13:
 The Gnomish Mines: levels 5 to 7
    Level 5:
    Level 6:
    Level 7:
       Many shops, a temple and an altar to Amaterasu Omikami, some fountains.
 Sokoban: levels 9 up to 6
    Level 6: <- You were here.
       Unsolved.
       Final resting place for
          you, killed by a winged gargoyle.
    Level 7:
       Solved.
    Level 8:
       Solved.
    Level 9:
       Unsolved.


Vanquished creatures:
  2 giant mimics
  2 zruties
 an air elemental
 an earth elemental
  a giant mummy
  4 small mimics
  a warhorse
  a quantum mechanic
  a wood golem
  3 pyrolisks
  a shocking sphere
  2 large cats
  2 tigers
  a gargoyle
  a dwarf ruler
  a leocrotta
  a stone giant
 an ettin zombie
  a leather golem
  2 chameleons
  2 giant beetles
  a cockatrice
  4 wolves
  2 winter wolf cubs
  a lynx
  3 leprechauns
 an orc-captain
 an iron piercer
  a giant spider
  a scorpion
  a horse
  a black light
  a gnome ruler
 an orc mummy
  a dwarf mummy
  2 ogres
  2 brown puddings
  2 owlbears
  a yeti
  a gold golem
  a werewolf
  2 lizards
  4 chickatrices
  a dingo
  a jaguar
  a blue jelly
  a dust vortex
  a raven
  2 plains centaurs
 an ape
  5 human zombies
  2 rope golems
  2 Woodland-elves
  a soldier ant
  3 bugbears
  2 quasits
  a wood nymph
  2 water nymphs
  a mountain nymph
 11 Mordor orcs
  2 Uruk-hai
  a rock piercer
  a pony
  2 fog clouds
  2 yellow lights
  a violet fungus
  4 gnome leaders
  2 gnomish wizards
  a gray ooze
  a barrow wight
  a ghoul
  a straw golem
  a paper golem
  2 giant ants
  2 floating eyes
  2 kittens
  7 hill orcs
 10 rothes
  a centipede
  4 giant bats
  3 orc zombies
  a werejackal
  4 iguanas
  7 killer bees
  6 acid blobs
  a coyote
  2 manes
  2 large kobolds
 11 hobgoblins
  2 giant rats
 10 cave spiders
  2 yellow molds
  a red mold
 27 gnomes
  6 geckos
  9 jackals
  a fox
  5 kobolds
  4 goblins
  2 sewer rats
  3 grid bugs
  a bat
  4 lichens
  a kobold zombie
 10 newts
278 creatures vanquished.

No species were genocided or became extinct.

Game over:
                       ----------
                      /          \
                     /    REST    \
                    /      IN      \
                   /     PEACE      \
                  /                  \
                  |     Enigmic      |
                  |     2231 Au      |
                  |   killed by a    |
                  | winged gargoyle  |
                  |                  |
                  |                  |
                  |       2026       |
                 *|     *  *  *      | *
        _________)/\\_//(\/(/\)/\//\/|_)_______

Sayonara Enigmic the Samurai...

You died in Sokoban on dungeon level 6 with 29866 points,
and 2231 pieces of gold, after 10541 moves.
You were level 10 with a maximum of 104 hit points when you died.

